 Dungeon Crawl Stone Soup version 0.21.0 (webtiles) character file.

37 mopl the Slasher (level 3, 0/31 HPs)
             Began as a Tengu Skald on Jan 7, 2018.
             Succumbed to a worker ant's poison
             ... on level 3 of the Dungeon.
             The game lasted 00:01:48 (1637 turns).

mopl the Slasher (Tengu Skald)                      Turns: 1637, Time: 00:01:48

Health: 0/31       AC: 21    Str: 11    XL:     3   Next: 41%
Magic:  4/7        EV:  2    Int: 13    God:
Gold:   123        SH:  0    Dex: 19    Spells: 1/6 levels left

rFire    + . .     SeeInvis .   a - +0 falchion
rCold    . . .     Gourm    .   (no shield)
rNeg     + + +     Faith    .   (armour currently unavailable)
rPois    +         Spirit   .   (helmet currently unavailable)
rElec    .         Reflect  .   (cloak currently unavailable)
rCorr    .         Harm     .   (gloves currently unavailable)
MR       .....     NoTele   +   (boots unavailable)
Stlth    +++.......             (no amulet)
HPRegen  0.10/turn              p - ring of protection from fire
MPRegen  0.10/turn              (no ring)

@: agile, lethally poisoned (0 -> -12), tree-form, infused, very slightly
contaminated, invisible
A: no striking features
a: no special abilities


You were on level 3 of the Dungeon.
You were not hungry.
You were a tree.
You visited 1 branch of the dungeon, and saw 3 of its levels.

You collected 123 gold pieces.

Inventory:

Hand Weapons
 a - a +0 falchion (weapon)
Armour
 b - a +0 leather armour
 f - a +0 ring mail (melded)
Jewellery
 p - a ring of protection from fire (left branch)
Wands
 m - a wand of paralysis (9)
Scrolls
 g - 2 scrolls of amnesia {unknown}
 j - 2 scrolls of teleportation {unknown}
 k - 2 scrolls of identify {unknown}
 n - 2 scrolls of remove curse {unknown}
Potions
 e - 3 potions of lignification {!q}
 l - a potion of curing {unknown}
 o - a potion of mutation {unknown}
 q - a potion of haste {unknown}
 s - a potion of heal wounds {unknown}
Books
 c - a book of Battle

   Spells                             Type                      Level
   a - Infusion                       Charms                       1
   b - Shroud of Golubria             Charms/Translocation         2
   c - Song of Slaying                Charms                       2
   d - Spectral Weapon                Hexes/Charms                 3
   e - Regeneration                   Charms/Necromancy            3
Comestibles
 d - 2 rations
 r - a chunk of flesh


   Skills:
 - Level 2.0 Fighting
 * Level 4.1 Long Blades
 - Level 1.1 Armour
 - Level 2.1 Dodging
 - Level 2.0 Spellcasting
 - Level 2.4 Charms


You had one spell level left.
You knew the following spells:

 Your Spells              Type           Power        Failure   Level  Hunger
a - Infusion              Chrm           #...         10%         1    ##.....
b - Song of Slaying       Chrm           #.......     14%         2    ###....
f - Shroud of Golubria    Chrm/Tloc      #.........   24%         2    ###....


Dungeon Overview and Level Annotations

Branches:
Dungeon (3/15)

Altars:


Innate Abilities, Weirdness & Mutations

((You have a beak for a mouth.))
((You have claws for feet.))


Message History

It was a potion of lignification.
You turn into a tree.
Your +0 ring mail melds into your body.
Your roots penetrate the ground.
* * * LOW HITPOINT WARNING * * *
You feel sick.
The worker ant bites you but does no damage. x2
You barely miss the worker ant.
The worker ant is heavily wounded.
* * * LOW HITPOINT WARNING * * *
You feel sick. The worker ant bites you.
* * * LOW HITPOINT WARNING * * *
Unknown command.
It was a potion of agility.
You feel agile all of a sudden.
* * * LOW HITPOINT WARNING * * *
You feel sick. The worker ant barely misses you.
You riposte.
You closely miss the worker ant.
The worker ant is heavily wounded.
It was a potion of invisibility.
You fade into invisibility!
You die...

.
#.#.##.........####.###
..##....#.........# #.#
......<...†.......# #.#
..#.............### #.#
........(..#...#####
#.#
.........K..g.....$.
..# ......†....#K######
## ..#.......##a#
#.....g###♣# #.#...##
#...# #..#..> ..#..#
##.##.. ..#..... #.
#..... . ...# ....
#...## ..... . .#
#..... #.##


You could see a worker ant, a hobgoblin and a kobold.

Vanquished Creatures
  3 dart slugs
  2 leopard geckos
  3 bats
  2 giant cockroaches
  4 goblins
  4 hobgoblins (D:1)
  A quokka (D:3)
  3 frilled lizards
  3 kobolds
  3 rats
28 creatures vanquished.

Notes
Turn   | Place    | Note
-------+----------+-------------------------------------------
     0 | D:1      | mopl the Tengu Skald began the quest for the Orb.
     0 | D:1      | Reached XP level 1. HP: 12/12 MP: 4/4
   325 | D:1      | Reached skill level 3 in Long Blades
   325 | D:1      | Reached XP level 2. HP: 2/17 MP: 1/6
   610 | D:1      | Learned a level 2 spell: Song of Slaying
   613 | D:1      | Learned a level 2 spell: Shroud of Golubria
  1328 | D:2      | Reached XP level 3. HP: 21/21 MP: 7/7
  1579 | D:3      | Reached skill level 4 in Long Blades
  1636 | D:3      | HP: 1/31 [poisoned by a worker ant]
  1637 | D:3      | Succumbed to a worker ant's poison

Skill      XL: |  1  2  3 |
---------------+----------+-----
Long Blades    | 3 4 |  4.1
Fighting       | |  2.0
Armour         | |  1.1
Dodging        | |  2.1
Spellcasting   | |  2.0
Charms         | |  2.4

Action                   || total
-------------------------++-------
Melee: Falchion          ||    59
       Kick              ||    18
 Cast: Infusion          ||     5
  Use: Potion            ||     3
  Eat: Chunk             ||     2
Armor: Ring mail         ||    17
       Skin              ||     2
Dodge: Dodged            ||    43
       Rpst.: Falchion   ||    16
